 Dungeon Crawl Stone Soup version 0.28-a0-1387-g3a22ab9bdc (webtiles) character file.

Game seed: 16071491935365146186

25 HallandMoats the Skirmisher (level 2, 24/24 HPs)
             Began as a Demonspawn Fighter on Jan 2, 2022.
             Got out of the dungeon alive.
             The game lasted 00:01:11 (1129 turns).

HallandMoats the Skirmisher (Demonspawn Fighter)    Turns: 1129, Time: 00:01:12

Health: 24/24      AC:  6    Str: 16    XL:     2   Next: 82%
Magic:  2/2        EV:  9    Int:  9    God:
Gold:   52         SH:  4    Dex: 12    Spells: 1/1 levels left

rFire   . . .      SeeInvis .   a - +0 war axe
rCold   . . .      Faith    .   c - +0 buckler
rNeg    . . .      Spirit   .   b - +0 scale mail
rPois   .          Reflect  .   (no helmet)
rElec   .          Harm     .   (no cloak)
rCorr   .          Rampage  .   (no gloves)
Will    .....                   (no boots)
Stlth   ..........              (no amulet)
HPRegen 0.08/turn               (no ring)
MPRegen 0.08/turn               (no ring)

@: no status effects
A: claws 1
a: no special abilities


You escaped.
You visited 1 branch of the dungeon, and saw 1 of its levels.

You collected 52 gold pieces.

Inventory:

Hand Weapons
 a - a +0 war axe (weapon)
Armour
 b - a +0 scale mail (worn)
 c - a +0 buckler (worn)
Scrolls
 f - 2 scrolls of immolation {unknown}
Potions
 d - a potion of might
 e - 2 potions of heal wounds {unknown}
 g - a potion of magic {unknown}


   Skills:
 * Level 3.3 Fighting
 * Level 2.2 Axes
 + Level 2.8 Armour
 + Level 0.5 Dodging
 + Level 2.8 Shields


You had one spell level left.
You didn't know any spells.
Your spell library contained the following spells:

 Spells                   Type           Power      Damage    Failure   Level
 Blink                    Tloc           0%         N/A       94%         2
 Corpse Rot               Necr/Air       0%         N/A       94%         2
 Poisonous Vapours        Pois/Air       0%         N/A       94%         2
 Manifold Assault         Tloc           0%         N/A       100%        5
 Storm Form               Tmut/Air       0%         N/A       100%        7


Dungeon Overview and Level Annotations

Branches:
Dungeon (1/15)

Altars:


Innate Abilities, Weirdness & Mutations

You have sharp fingernails.


Message History

You are frozen.
You hit the endoplasm.
The endoplasm is heavily wounded.
The endoplasm hits you. The endoplasm freezes you.
You are frozen.
You hit the endoplasm.
The endoplasm is severely wounded.
The endoplasm freezes you.
You are frozen.
You barely miss the endoplasm.
The endoplasm is severely wounded.
The endoplasm barely misses you. The endoplasm freezes you.
You are frozen.
You slash the endoplasm!
You kill the endoplasm!
You start resting.
You start resting.
HP restored.
Found a leather armour.
You now have 30 gold pieces (gained 7).
You now have 40 gold pieces (gained 10).
You now have 48 gold pieces (gained 8).
g - a red potion You now have 52 gold pieces (gained 4).
Things that are here:
a +2 dagger of pain; a goblin skeleton You see here 25 sling bullets.
Found a deep dwarf skeleton.
Found a stone staircase leading down.
You pick up an Inescapable Atlas and begin reading...
You add the spells Blink, Manifold Assault and Storm Form to your library.
Done exploring.
(D) Dungeon
Where to? (? - help)
Okay, then.
There is a staircase leading out of the dungeon here.
Are you sure you want to leave the Dungeon?
This will make you lose the game!
You have escaped!

..#>##......# #.#
.##.##..##..# ######.#
....##..##..###...##.#
...###÷.....##....##.########
##..##.......###..##........#
###.##.........###.#.##.###.#
#.....###......#.#.##.# #.#
#....## ###....#....#.# #.#
###### ##...@#.##.#.# #.#
##....##.##.#.###.## #####
###.....#####.#.##...## ....#
#.....###.....#.#.###.#
###.#####...###).######.#.#
#.# #.....#...#....#
#.#.###.# #########...##...#
#......## ......###....###.#
####..## .......#..##..##.#
#.†#


There were no monsters in sight!

Vanquished Creatures
  2 bats (D:1)
  5 endoplasms (D:1)
  5 hobgoblins (D:1)
  A quokka (D:1)
  A ball python (D:1)
  A frilled lizard (D:1)
  4 goblins (D:1)
  A kobold (D:1)
  A rat (D:1)
21 creatures vanquished.

Notes
Turn   | Place    | Note
-------+----------+-------------------------------------------
     0 | D:1      | HallandMoats the Demonspawn Fighter began the quest for the
                  | Orb.
     0 | D:1      | Reached XP level 1. HP: 18/18 MP: 1/1
   351 | D:1      | Found a faded altar of an unknown god.
   404 | D:1      | Gained mutation: You have sharp fingernails. [demonic
                  | ancestry]
   404 | D:1      | Reached XP level 2. HP: 24/24 MP: 2/2
  1129 | D:$      | Got out of the dungeon alive.

Illustrated notes

Levels and vault maps discovered:
D:1:      amcnicky_arrival_wind_blow, layout_loops_ring,
          shapermc_ecumenical_altar_pompeii, minmay_circled_x

Skill      XL: |  1 |
---------------+----+-----
Axes           | 2 |  2.2
Fighting       | |  3.3
Armour         | |  2.8
Dodging        | |  0.5
Shields        | |  2.8

Action                   || total
-------------------------++-------
Melee: War axe           ||    49
Armor: Scale mail        ||    17
Dodge: Dodged            ||    13
Block: Buckler           ||     8

Table legend: (Time is in decaauts)
 A = Elapsed time spent in this place.
 B = Non-inter-level travel time spent in this place.
 C = Inter-level travel time spent in this place.
 D = Time resting spent in this place.
 E = Time spent auto-exploring this place.
 F = Levels seen in this place.
 G = Mean time per level.
                   A        B        C        D        E       F      G
               +--------+--------+--------+--------+--------+-----+--------+
         Total |   1149 |   1120 |     29 |    153 |    812 |   1 | 1149.0 |
       Dungeon |   1149 |   1120 |     29 |    153 |    812 |   1 | 1149.0 |
               +--------+--------+--------+--------+--------+-----+--------+

Top non-repeatable levels by time:
     D:1: 1149 daAuts
